 Dungeon Crawl Stone Soup version 0.21.0-3-g78d12a8bdd (webtiles) character file.

60 Bapho the Skirmisher (level 3, -4/49 HPs)
             Began as a Draconian Abyssal Knight on Jan 12, 2018.
             Was a Follower of Lugonu.
             Asphyxiated
             ... on level 2 of the Dungeon.
             The game lasted 00:03:19 (1471 turns).

Bapho the Skirmisher (Draconian Abyssal Knight)     Turns: 1471, Time: 00:03:19

Health: -4/49      AC:  5    Str: 20    XL:     3   Next: 80%
Magic:  5/5        EV: 12    Int: 12    God:    Lugonu [*.....]
Gold:   75         SH:  0    Dex: 10    Spells: 2/2 levels left

rFire    . . .     SeeInvis .   a - +1 falchion
rCold    . . .     Gourm    .   (no shield)
rNeg     . . .     Faith    .   (armour unavailable)
rPois    .         Spirit   .   (helmet restricted)
rElec    .         Reflect  .   (no cloak)
rCorr    .         Harm     .   (no gloves)
MR       .....                  (no boots)
Stlth    ..........             (no amulet)
HPRegen  0.16/turn              (no ring)
MPRegen  0.09/turn              (no ring)

@: berserking, lethally poisoned (-4 -> -39), slowed
A: unfitting armour, cold-blooded, AC +5
a: Depart the Abyss, Renounce Religion


You were on level 2 of the Dungeon.
You worshipped Lugonu.
Lugonu was aware of your devotion.
You were not hungry.

You visited 1 branch of the dungeon, and saw 2 of its levels.
You visited the Abyss 1 time.

You collected 75 gold pieces.

Inventory:

Hand Weapons
 a - a +1 falchion (weapon)
Missiles
 e - 51 stones (quivered)
Scrolls
 c - a scroll of teleportation {unknown}
 f - a scroll of remove curse {unknown}
 h - a scroll of blinking {unknown}
 k - 3 scrolls of enchant armour {unknown}
Potions
 d - a potion of berserk rage
 i - a potion of mutation {unknown}
 j - a potion of degeneration {unknown}
Comestibles
 b - 4 rations
 g - 2 chunks of flesh


   Skills:
 + Level 3.9 Fighting
 * Level 3.3 Long Blades
 - Level 2.1 Dodging
 + Level 2.7 Invocations


You had 2 spell levels left.
You didn't know any spells.

Dungeon Overview and Level Annotations

Branches:
Dungeon (2/15)

Altars:
Nemelex Xobeh


Innate Abilities, Weirdness & Mutations

Your plain brown scales are hard. (AC +5)
You cannot fit into any form of body armour.
You are cold-blooded and may be slowed by cold attacks.


Message History

The curare-tipped needle hits you.
You are more poisoned.
You have difficulty breathing.
* * * LOW HITPOINT WARNING * * *
You feel as though you will be slow longer.
The kobold shoots a curare-tipped needle.
The curare-tipped needle misses you.
You see here a curare-tipped needle.
It was a potion of berserk rage.
A red film seems to cover your vision as you go berserk!
You feel yourself moving faster!
You feel mighty!
* * * LOW HITPOINT WARNING * * *
You feel very sick. The kobold hits you with a short sword.
* * * LOW HITPOINT WARNING * * *
The kobold shoots a curare-tipped needle.
The curare-tipped needle hits you.
You are more poisoned.
You have difficulty breathing.
You die...

#....####...
......#.####..#
##########.......#
# #.(..>.#
#.......# #.###
#.####.# ##.####.#
.....##(# #.# #.#
#.# .....K..# #.#
#.# ### .......(#
#.####.# #
.(<...K@# #......#
.#.(...<# #.######
...(..... ###
.........#
.#........
#...#.#### ##.##.
#. ..


You could see 2 kobolds.

Vanquished Creatures
  An adder (D:2)
  4 oozes
  A worm (D:2)
  2 leopard geckos (D:1)
  2 goblins
  3 hobgoblins
  A quokka (D:2)
  6 bats
  3 frilled lizards
  3 kobolds (D:2)
  3 rats
29 creatures vanquished.

Notes
Turn   | Place    | Note
-------+----------+-------------------------------------------
     0 | Abyss:1  | Bapho the Draconian Abyssal Knight began the quest for the Orb.
     0 | Abyss:1  | Reached XP level 1. HP: 19/19 MP: 2/2
    43 | Abyss:1  | Noticed a small abomination
    44 | D:1      | Escaped the Abyss
   104 | D:1      | Reached * piety under Lugonu
   138 | D:1      | Reached XP level 2. HP: 14/26 MP: 3/3
   702 | D:1      | You fall through a shaft!
   733 | D:2      | Reached XP level 3. HP: 25/33 MP: 4/4
   835 | D:2      | Found a sparkling altar of Nemelex Xobeh.
  1471 | D:2      | Asphyxiated

Skill      XL: |  1  2 |
---------------+-------+-----
Long Blades    | 3 |  3.3
Fighting       | |  3.9
Dodging        | |  2.1
Invocations    | |  2.7

Action                   || total
-------------------------++-------
Melee: Falchion          ||    87
       Tailslap          ||    13
Throw: Stone             ||    53
Invok: Depart the Abyss  ||     1
  Use: Potion            ||     1
  Eat: Chunk             ||     2
Armor: Skin              ||    32
Dodge: Dodged            ||    61
       Rpst.: Falchion   ||    13
